 Dungeon Crawl Stone Soup version 0.31.0-32-g396128a36d (webtiles) character file.

Game seed: 18107764769115485018

1 Dvallin the Ruffian (level 1, 0/18 HPs)
             Began as a Naga Shapeshifter on Mar 31, 2024.
             Slain by a kobold
             ... wielding a +0 whip
              (4 damage)
             ... on level 1 of the Dungeon.
             The game lasted 00:00:04 (17 turns).

Dvallin the Ruffian (Naga Shapeshifter)               Turns: 17, Time: 00:00:04

Health: 0/18       AC:  1    Str: 16    XL:     1   Next: 20%
Magic:  1/1        EV:  9    Int: 10    God:
Gold:   0          SH:  0    Dex: 10    Spells: 0/0 levels left

rFire   . .          .
                       - Unarmed
rCold   . . .        (no shield)
rNeg    . . .        a - +0 animal skin
rPois   +            (helmet currently unavailable)
rElec   .            (cloak currently unavailable)
rCorr   .            (gloves currently unavailable)
SInv    +            (no barding)
Will    .....        (no amulet)
Stlth   +            (no ring)
HPRegen 0.23/turn    (no ring)
MPRegen 0.07/turn

%: no passive effects
@: beast-form, very slow
A: beast (slay +1), AC +0, large, see invisible, deformed body, poison
resistance, slowness 2, spit poison 1, naga tail 1
a: Spit Poison, Begin Untransformation


You were on level 1 of the Dungeon.
You were a hulking beast.
You visited 1 branch of the dungeon, and saw 1 of its levels.

Inventory:

Armour
 a - a +0 animal skin (worn)
Talismans
 c - a beast talisman
 d - a flux talisman
Potions
 b - a potion of lignification


   Skills:
 + Level 1.0 Fighting
 + Level 1.6 Dodging
 + Level 3.0 Unarmed Combat
 + Level 3.0 Shapeshifting


You couldn't memorise any spells.
You didn't know any spells.
Your spell library was empty.

Dungeon Overview and Level Annotations

Branches:
Dungeon (1/15)

Altars:


Innate Abilities, Weirdness & Mutations

You are a hulking beast.
Your limbs bulge with bestial killing power. (Slay +1)
Your serpentine skin is tough. (AC +0)
You have supernaturally acute eyesight. (SInv)
Armour fits poorly on your strangely shaped body.
Your system is resistant to poisons. (rPois)
You cover ground very slowly.
You can spit poison.
You have a snake-like lower body.


Message History

A goblin comes into view. It is wielding a +0 dagger.
Found 7 gold pieces.
The goblin shouts!
You hear a shout!
A kobold comes into view. It is wielding a +0 whip.
Found 12 gold pieces, a leather armour and a whip.
The kobold shouts!
The goblin hits you with a +0 dagger. The goblin closely misses you.
You hit the goblin.
You kill the goblin!
The kobold barely misses you.
Things that are here:
a +0 dagger; a goblin corpse You closely miss the kobold.
The kobold hits you with a +0 whip.
You completely miss the kobold. The kobold hits you with a +0 whip.
You closely miss the kobold. The kobold hits you with a +0 whip.
You hit the kobold.
The kobold is moderately wounded.
The kobold hits you with a +0 whip.
You are too injured to fight recklessly!
You are too injured to fight recklessly!
You are too injured to fight recklessly!
You are too injured to fight recklessly!
You are too injured to fight recklessly!
You are too injured to fight recklessly!
You are too injured to fight recklessly!
You are too injured to fight recklessly!
You are too injured to fight recklessly!
You are too injured to fight recklessly!
You are too injured to fight recklessly!
You hit the kobold but do no damage.
The kobold is moderately wounded.
The kobold barely misses you.
You closely miss the kobold.
The kobold is moderately wounded.
The kobold hits you with a +0 whip.
* * * LOW HITPOINT WARNING * * *
You hit the kobold but do no damage.
The kobold is moderately wounded.
The kobold hits you with a +0 whip.
You die...

...... #. ...). .# ...
....## ..##... ....###
......# #.....#
###...... #.....#...
.##.......###..K......
..#... ##.....h#
#...... #$....#....#
.......###...##...$....
..#.......###.#..[....
#....#....# # ....... .
..#....#..# .#.#...
....#....#.## ..#...#
#.....<...# .. ...#
....##.........


You could see a kobold.

Vanquished Creatures
  A goblin (D:1)
1 creature vanquished.

Notes
Turn   | Place    | Note
-------+----------+-------------------------------------------
     0 | D:1      | Dvallin the Naga Shapeshifter began the quest for the Orb.
     0 | D:1      | Reached XP level 1. HP: 18/18 MP: 1/1
    17 | D:1      | Slain by a kobold

Illustrated notes

Levels and vault maps discovered:
D:1:      matt_arrival_debris, layout_rooms

Action                     || total
---------------------------++-------
  Melee: Unarmed           ||     8
 Armour: Animal skin       ||     7
  Dodge: Dodged            ||     3
